 Dungeon Crawl Stone Soup version 0.17.2-1-ge4368a0 (webtiles) character file.

34628 Goblin1989 the Spear-Bearer (level 13, -8/116 HPs)
             Began as a Merfolk Fighter on Jan 3, 2017.
             Was the Champion of Fedhas.
             Mangled by Goblin1989's ghost (21 damage)
             ... on level 4 of the Orcish Mines on Jan 4, 2017.
             The game lasted 01:32:06 (26516 turns).

Goblin1989 the Spear-Bearer (Merfolk Fighter)      Turns: 26516, Time: 01:32:07

Health: -8/116     AC: 23    Str: 22    XL:     13   Next: 78%
Magic:  16/16      EV: 10    Int:  7    God:    Fedhas [******]
Gold:   1815       SH: 13    Dex: 13    Spells: 2 memorised, 3 levels left

rFire  . . .     SeeInvis .     a - +0 trident
rCold  . . .     Clarity  .     O - +6 plate armour of an ice cave {Stlth+}
rNeg   . . .     SustAt   .     c - +1 shield
rPois  +         Gourm    +     q - +0 helmet
rElec  .         Spirit   .     h - +0 cloak
rCorr  .         Warding  .     (no gloves)
rMut   .         Stasis   .     (no boots)
MR     +....                    b - amulet of the gourmand
Stlth  ..........               m - ring of protection from magic
                                o - ring of poison resistance

@: somewhat resistant to hostile enchantments, extremely unstealthy
A: change form in water, swift swim, camouflage 1, robust 1
a: Evolution, Sunlight, Growth, Reproduction, Rain, Renounce Religion


You were on level 4 of the Orcish Mines.
You worshipped Fedhas.
Fedhas was exalted by your worship.
You were very full.

You visited 3 branches of the dungeon, and saw 19 of its levels.
You also visited: Ossuary.

You collected 1885 gold pieces.
You spent 70 gold pieces at shops.

Inventory:

Hand Weapons
 a - a +0 trident (weapon)
Armour
 c - a +1 shield (worn)
 h - a +0 cloak (worn)
 q - a +0 helmet (worn)
 O - the +6 plate armour of an ice cave (worn) {Stlth+}
   (You found it on level 1 of the Lair of Beasts)

   It makes you more stealthy.
Jewellery
 b - an amulet of the gourmand (around neck)
 f - a ring of protection from fire
 i - a ring of ice
 m - a ring of protection from magic (right hand)
 o - a ring of poison resistance (left hand)
 C - an amulet of regeneration {unknown}
 K - a +5 ring of dexterity
Wands
 d - a wand of fire (10)
 y - a wand of digging (14)
Scrolls
 j - 3 scrolls of amnesia
 n - 2 scrolls of random uselessness {unknown}
 p - 3 scrolls of fog
 s - a scroll of immolation {unknown}
 v - 4 scrolls of remove curse {@r2}
 w - 4 scrolls of noise {!r}
 x - 2 scrolls of summoning {unknown}
 z - 5 scrolls of fear
 B - 2 scrolls of blinking
 E - 3 scrolls of enchant weapon
 I - 2 scrolls of teleportation {unknown}
 M - 3 scrolls of magic mapping
 Q - a scroll of enchant armour
 R - a scroll of identify {@r1}
 U - a scroll of recharging {unknown}
Potions
 k - 8 potions of lignification {!q}
 l - a potion of haste {!q, @q3}
 r - 4 potions of cancellation
 t - a potion of invisibility
 u - a potion of ambrosia {!q}
 A - a potion of flight
 D - 2 potions of resistance
 P - 2 potions of magic
 S - 3 potions of curing {@q1}
 Y - a potion of might
Books
 W - a book of Enchantments

   Spells                             Type                      Level
   a - Cause Fear                     Hexes                        4
   b - Silence                        Hexes/Air                    5
   c - Deflect Missiles               Charms/Air                   6
   d - Haste                          Charms                       6
   e - Discord                        Hexes                        8
 Z - a book of the Sky

   Spells                             Type                      Level
   a - Summon Lightning Spire         Summoning/Air                4
   b - Airstrike                      Air                          4
   c - Silence                        Hexes/Air                    5
   d - Deflect Missiles               Charms/Air                   6
   e - Conjure Ball Lightning         Conjuration/Air              6
   f - Tornado                        Air                          9
Miscellaneous
 G - a phial of floods
 N - a phantom mirror
Comestibles
 e - 2 bread rations {@e1}
 g - 11 fruits
 F - 3 royal jellies
 H - a beef jerky
 J - 6 meat rations {@e2}
 L - 3 slices of pizza


   Skills:
 + Level 11.3 Fighting
 - Level 14.0 Polearms
 * Level 10.3 Armour
 + Level 10.9 Dodging
 + Level 10.2 Shields
 + Level 4.3 Invocations


You had 3 spell levels left.
You knew the following spells:

 Your Spells              Type           Power        Failure   Level  Hunger
g - Passage of Golubria   Tloc           N/A          100%        4    #####..
A - Aura of Abjuration    Summ           #.........   100%        5    ######.


Dungeon Overview and Level Annotations

Branches:
Dungeon (10/15)            Temple (0/1) D:7            Lair (5/8) D:9
    Orc (4/4) D:10            Elf (0/3) Orc:3
  Swamp: Lair:3-6    Shoals: Lair:3-6     Snake: Lair:3-6    Spider: Lair:3-6

Altars:
Elyvilon
Fedhas
Kikubaaqudgha
Makhleb
Okawaru
Ru
Trog
Beogh

Shops:
D:4 [   D:8 [   Orc:4 :!

Annotations:
Lair:1 exclusion: ice statue
Orc:4 Goblin1989's ghost, adept HOWn


Innate Abilities, Weirdness & Mutations

You revert to your normal form in water.
You are very nimble and swift while swimming.
Your skin changes colour to match your surroundings (Stealth).
You are robust (+10% HP).


Message History

Unknown command.
You barely miss the orc. Goblin1989's ghost hits you!
* * * LOW HITPOINT WARNING * * *
You block the orc's attack.
You take 14 damage, and have 38/116 hp.
You puncture the orc!
You kill the orc!
Goblin1989's ghost hits you!
* * * LOW HITPOINT WARNING * * *
You are electrocuted!
* * * LOW HITPOINT WARNING * * *
Things that are here:
a whip; a ring mail; an orc corpse You take 27 damage, and have 11/116 hp.
MASSIVE DAMAGE!!
There is an open door here.
Things that are here:
a trident; 6 tomahawks; a plate armour Goblin1989's ghost hits you!!
You die...
Fedhas appreciates your contribution to the ecosystem.

.... ...█████..(.█.██)██....███
....██..██..█.).(█.█)..█.)..█..
.....█...█..∆......█...█....∆..
.........█..█.████.█████.████..
█........████.█..█..........███
...8..)8.████.∆..█.....████.██8
......).)∆.o.÷█..█..Ψ..█..█..∆.
...8..)8)████W████.....█..))██8
█........████.@).).....█..█.███
......)).█..████.█████.████.█f.
.....█...█..∆....█...█......∆).
....██..██).█..P[█...█.██████..
.... ...█████..PP██∆██)█


██████ ... █...██......PP)((..███.█ █ . ....██.█████)███)███..███ █
█...███.█..█...██)██.....█ █ █f∆f.█...██.███....██ You could see Goblin1989's
ghost and an orc.

Vanquished Creatures
  An orc warlord (Orc:4)
  Snorg (Lair:3)
  Fannar (D:10)
  4 death yaks (Lair:4)
  3 orc sorcerers (Orc:4)
  3 orc knights (Orc:4)
  9 spiny frogs
  A fire drake (D:9)
  3 komodo dragons
  Grinder (D:4)
  5 trolls (Orc:4)
  A two-headed ogre (Orc:4)
  29 yaks
  A wraith (D:10)
  9 hippogriffs
  3 wargs
  The ghost of dscm the Digger, an amateur OpEE of Cheibriados (D:4)
  24 orc warriors
  4 water moccasins
  6 porcupines
  2 black bears
  2 necrophages
  A sky beast (D:10)
  3 centaurs
  10 ice beasts
  15 ogres
  4 phantoms
  7 crocodiles
  14 giant frogs
  13 scorpions
  5 killer bees
  6 crimson imps
  2 electric eels
  9 wights
  4 hounds
  3 centaur zombies
  A quasit (D:9)
  7 iguanas
  A giant frog zombie (D:7)
  2 human zombies (Ossuary)
  50 orc priests
  5 jellies
  27 orc wizards
  4 worker ants
  8 sheep (Lair:5)
  A killer bee zombie (D:7)
  2 mummies (Ossuary)
  3 hound skeletons
  10 adders
  14 gnolls
  13 river rats
  2 worker ant zombies
  3 scorpion zombies (Ossuary)
  2 shadow imps
  2 white imps (Lair:1)
  2 adder skeletons (D:4)
  5 worms
  3 giant geckos
  170 orcs
  12 bats
  A gnoll zombie (Ossuary)
  11 hobgoblins
  8 jackals
  7 quokkas
  2 ball pythons
  A giant cockroach (D:2)
  5 giant newts
  17 goblins
  2 goblin zombies (Ossuary)
  2 hobgoblin zombies (Ossuary)
  A jackal skeleton (D:8)
  10 kobolds
  3 kobold zombies (Ossuary)
  2 orc zombies (Ossuary)
  9 rats
640 creatures vanquished.

Vanquished Creatures (collateral kills)
  A death yak (Lair:3)
  2 orc knights
  An orc sorcerer (Orc:4)
  A black mamba (Lair:1)
  A troll (Orc:4)
  A polar bear (Lair:1)
  6 yaks
  A warg (Orc:4)
  A water moccasin (Lair:1)
  2 ice beasts
  2 ogres
  4 orc warriors
  A centaur (D:9)
  A crocodile (Lair:2)
  A giant frog (Lair:1)
  2 scorpions
  4 killer bees
  3 wights
  A crimson imp (D:9)
  3 jellies
  6 orc wizards
  2 orc priests
  An iguana (Lair:4)
  A worker ant (D:4)
  A hound skeleton (D:5)
  A mummy (Ossuary)
  2 worker ant zombies
  An adder (D:7)
  A river rat (Lair:4)
  A gnoll (D:9)
  41 orcs
  2 jackals (D:5)
99 creatures vanquished.

Vanquished Creatures (others)
  An oklob plant (Lair:3)
  A killer bee (D:10)
  38 wandering mushrooms
  2 orc wizards
  Robin (D:3)
  3 fungi (Lair:5)
  4 plants
  602 toadstools
652 creatures vanquished.

Grand Total: 1391 creatures vanquished

Notes
Turn   | Place    | Note
--------------------------------------------------------------
     0 | D:1      | Goblin1989 the Merfolk Fighter began the quest for the Orb.
     0 | D:1      | Reached XP level 1. HP: 18/18 MP: 1/1
     0 | D:1      | Goblin1989: !rng
     0 | D:1      | Goblin1989: !rng good
     0 | D:1      | beem: The RNG chooses: good.
   421 | D:1      | Reached skill level 4 in Polearms
   421 | D:1      | Reached XP level 2. HP: 24/24 MP: 2/2
   899 | D:2      | Reached skill level 5 in Polearms
   899 | D:2      | Reached XP level 3. HP: 22/29 MP: 3/3
  1286 | D:2      | Reached skill level 6 in Polearms
  1301 | D:2      | Reached XP level 4. HP: 35/35 MP: 4/4
  1739 | D:2      | Reached skill level 7 in Polearms
  2034 | D:2      | Found a blossoming altar of Fedhas.
  2036 | D:2      | Reached XP level 5. HP: 39/41 MP: 5/5
  2221 | D:2      | Became a worshipper of Fedhas Madash
  2544 | D:3      | Found a white marble altar of Elyvilon.
  2560 | D:3      | Reached skill level 8 in Polearms
  2702 | D:3      | Noticed Robin
  2760 | D:3      | Killed Robin
  2782 | D:3      | Reached XP level 6. HP: 12/47 MP: 6/6
  2818 | D:3      | Reached * piety under Fedhas
  3122 | D:3      | Learned a level 5 spell: Aura of Abjuration
  3137 | D:3      | Found a sacrificial altar of Ru.
  3138 | D:3      | Found a burning altar of Makhleb.
  3232 | D:3      | Found a burning altar of Makhleb.
  3232 | D:3      | Noticed a cacodemon
  3465 | D:4      | Noticed dscm's ghost (amateur OpEE)
  3741 | D:4      | Found Pups's Armour Shop.
  3904 | D:4      | Killed dscm's ghost
  3904 | D:4      | Reached skill level 9 in Polearms
  3904 | D:4      | Reached XP level 7. HP: 29/54 MP: 7/7
  4152 | D:4      | Noticed Grinder
  4152 | D:4      | Paralysed by Grinder for 6 turns
  4169 | D:4      | Killed Grinder
  4536 | D:5      | Entered Level 5 of the Dungeon
  4635 | D:5      | Reached skill level 10 in Polearms
  4731 | D:5      | Reached XP level 8. HP: 46/61 MP: 8/8
  4768 | D:5      | Reached skill level 5 in Fighting
  5211 | D:5      | Reached ** piety under Fedhas
  5618 | D:6      | Found a sand-covered staircase.
  5627 | Ossuary  | Entered an ossuary
  5695 | Ossuary  | Reached skill level 11 in Polearms
  5695 | Ossuary  | Reached skill level 5 in Shields
  6434 | Ossuary  | Reached XP level 9. HP: 65/69 MP: 9/9
  6925 | D:6      | Reached skill level 12 in Polearms
  8077 | D:6      | Reached *** piety under Fedhas
  8334 | D:7      | Reached skill level 13 in Polearms
  8669 | D:7      | Found a staircase to the Ecumenical Temple.
  8784 | D:7      | Reached skill level 1 in Dodging
  8786 | D:7      | Reached skill level 5 in Armour
  8786 | D:7      | Reached XP level 10. HP: 65/79 MP: 10/10
 10036 | D:8      | Found an ancient bone altar of Kikubaaqudgha.
 10967 | D:8      | Found Zeetz's Armour Shop.
 11121 | D:8      | Found an iron altar of Okawaru.
 11338 | D:9      | Goblin1989: !decentplayer yermak
 11338 | D:9      | beem: yermak is a decent player. 65 oneandwon wins.
 11707 | D:9      | Reached skill level 14 in Polearms
 11707 | D:9      | Reached skill level 5 in Dodging
 11911 | D:9      | Found a staircase to the Lair.
 11940 | D:9      | Reached XP level 11. HP: 75/86 MP: 11/11
 12344 | D:9      | Reached **** piety under Fedhas
 12391 | D:10     | Entered Level 10 of the Dungeon
 13090 | D:10     | Noticed Fannar
 13171 | D:10     | Killed Fannar
 13171 | D:10     | Reached skill level 1 in Invocations
 13602 | D:10     | Found a staircase to the Orcish Mines.
 13710 | D:10     | Found a roughly hewn altar of Beogh.
 13891 | Lair:1   | Entered Level 1 of the Lair of Beasts
 14203 | Lair:1   | Got a pitted plate armour
 14595 | Lair:1   | Learned a level 4 spell: Passage of Golubria
 14625 | Lair:1   | Identified the +6 plate armour of an ice cave {Stlth+} (You found it on level 1 of the Lair of Beasts)
 14652 | Lair:1   | Noticed an ice devil
 15168 | Lair:1   | Gained mutation: You are robust (+10% HP). [potion of beneficial mutation]
 15169 | Lair:1   | Gained mutation: Your skin changes colour to match your surroundings (Stealth). [potion of beneficial mutation]
 16112 | Lair:1   | Reached XP level 12. HP: 84/104 MP: 14/14
 17319 | Lair:3   | Noticed Snorg
 17361 | Lair:3   | Killed Snorg
 17382 | Lair:3   | Got an encrusted scale mail
 17786 | Lair:3   | Reached skill level 10 in Fighting
 18227 | Lair:4   | Noticed a death yak
 18267 | Lair:4   | Killed a death yak
 18489 | Lair:4   | Noticed a death yak
 18520 | Lair:4   | Killed a death yak
 18732 | Lair:4   | Noticed a death yak
 18734 | Lair:4   | Noticed a death yak
 18734 | Lair:4   | Noticed a death yak
 18995 | Lair:3   | Killed a death yak
 19975 | Lair:5   | Noticed a death yak
 20029 | Lair:4   | Killed a death yak
 20029 | Lair:4   | Reached XP level 13. HP: 44/114 MP: 15/15
 20298 | Lair:4   | Killed a death yak
 20492 | Lair:5   | Noticed a death yak
 20492 | Lair:5   | Noticed a death yak
 20492 | Lair:5   | Noticed a death yak
 20492 | Lair:5   | Noticed a death yak
 20493 | Lair:5   | Noticed a death yak
 20497 | Lair:5   | Noticed a death yak
 20548 | Lair:5   | Noticed a four-headed hydra
 20691 | Orc:1    | Entered Level 1 of the Orcish Mines
 21070 | Orc:2    | Found a bloodstained altar of Trog.
 21366 | Orc:2    | Reached ***** piety under Fedhas
 21779 | Orc:2    | Reached skill level 10 in Dodging
 22018 | Orc:1    | Identified the +1 scale mail of Grace {+Fly rPois rF+ MR-} (You found it on level 3 of the Lair of Beasts)
 22113 | Orc:1    | Found a roughly hewn altar of Beogh.
 22806 | Orc:3    | Found a staircase to the Elven Halls.
 23296 | Orc:4    | Entered Level 4 of the Orcish Mines
 23491 | Orc:4    | Reached ****** piety under Fedhas
 23674 | Orc:4    | Found a roughly hewn altar of Beogh.
 23980 | Orc:4    | HP: 2/116 [sixfirhy[an orc sorcerer] (7)]
 24421 | Orc:4    | Found Caihea Jukh's Distillery.
 24430 | Orc:4    | Bought a potion of poison for 14 gold pieces
 24430 | Orc:4    | Bought a potion of brilliance for 56 gold pieces
 24437 | Orc:4    | Found Zoobuyckos's Book Shop.
 24648 | Orc:4    | Reached skill level 10 in Armour
 24908 | Orc:4    | Reached skill level 10 in Shields
 25283 | Orc:4    | Noticed an orc warlord
 25284 | Orc:4    | Noticed Goblin1989's ghost (adept HOWn)
 25566 | Orc:4    | Killed an orc warlord
 26516 | Orc:4    | Mangled by Goblin1989's ghost

Action                   |  1- 3 |  4- 6 |  7- 9 | 10-12 | 13-15 || total
-------------------------+-------+-------+-------+-------+-------++-------
Melee: Trident           |    78 |   316 |   619 |  1656 |  1389 ||  4058
Invok: Evolution         |       |     2 |     3 |    27 |    16 ||    48
  Use: Potion            |       |       |     1 |     6 |     2 ||     9
       Scroll            |       |       |    11 |    10 |       ||    21
 Stab: Confused          |       |       |     1 |    18 |     5 ||    24
       Invisible         |       |       |       |     6 |       ||     6
       Distracted        |       |       |       |       |     3 ||     3
  Eat: Chunk             |     1 |     7 |     3 |    51 |    19 ||    81
       Beef jerky        |       |     1 |       |       |       ||     1
       Bread ration      |       |       |     2 |       |     1 ||     3
       Meat ration       |       |       |     1 |       |       ||     1

Vault maps used:
D:1:      dpeg_arrival_circle_labyrinth_c
D:2:      first_bread, st_stairs_8, fedhas_altar_fruit_tree
D:3:      elyvilon_altar_4, nicolae_overflow_hidden_temple,
          makhleb_altar_promises_db, uniq_robin
D:4:      serial_shops, nicolae_shop_crystal, uniq_grinder
D:5:      minmay_stone_trees_small
D:6:      black_bear_nest_1, enter_ossuary_1, nrook_loot_triangle
D:7:      minmay_temple_entry_junction
D:8:      kennysheep_okawaru_gauntlet, lemuel_doored_altar, serial_shops,
          kennysheep_little_box
D:9:      minmay_lair_entry_lava
D:10:     minmay_orc_entry_temple_small, uniq_fannar
Lair:1:   ice2_lemuel, serial_bayou_shore_a, grunt_megastairs_2
Lair:2:   serial_bayou_shore_b
Lair:3:   serial_bayou_crossing, serial_bayou_shore_b, serial_bayou_shore_b,
          uniq_snorg
Lair:5:   minmay_shoals_entry_hut, st_stairs_12, lemuel_oklob_altar
Orc:1:    basic_altar
Orc:2:    basic_altar
Orc:3:    nicolae_orc_pool_cavern, minmay_orc_barracks
Orc:4:    pubby_orc_utopia
Ossuary:  ossuary_minmay_scorpions
